 Dungeon Crawl Stone Soup version 0.31-a0-986-g5e6e4ef867 (webtiles) character file.

Game seed: 15790219919723873764

13 avis the Chiller (level 2, 12/12 HPs)
             Began as a Felid Ice Elementalist on Nov 24, 2023.
             Got out of the dungeon alive.
             The game lasted 00:02:34 (384 turns).

avis the Chiller (Felid Ice Elementalist)            Turns: 384, Time: 00:02:35

Health: 12/12      AC:  1    Str:  4    XL:     2   Next: 24%
Magic:  6/6        EV: 17    Int: 16    God:
Gold:   37         SH:  0    Dex: 16    Spells: 4/5 levels left
                                        Lives:  0   Deaths: 1

rFire   . .          .
                       - Unarmed
rCold   . . .        (shield unavailable)
rNeg    + . .        (body armour unavailable)
rPois   .            (helmet unavailable)
rElec   .            (cloak unavailable)
rCorr   .            (gloves unavailable)
SInv    +            (boots unavailable)
Will    .....        (no amulet)
Stlth   ++           c - ring of positive energy
HPRegen 0.22/turn    (no ring)
MPRegen 0.10/turn

%: no passive effects
@: quick
A: very small, claws 1, fangs 3, see invisible, speed 1, shaggy fur 1, stealthy
paws, no weapons or thrown items, no armour, multi-lived
a: no special abilities


You escaped.
You visited 1 branch of the dungeon, and saw 1 of its levels.

You collected 37 gold pieces.

Inventory:

Jewellery
 c - a ring of positive energy (left paw)
Potions
 a - a potion of magic
 b - 2 potions of cancellation {unknown}


   Skills:
 + Level 1.2 Fighting
 - Level 2.6 Dodging
 - Level 2.6 Stealth
 + Level 1.2 Unarmed Combat
 - Level 2.0 Spellcasting
 - Level 3.6 Ice Magic


You had 4 spell levels left.
You knew the following spells:

 Your Spells              Type           Power      Damage    Failure   Level
a - Freeze                Ice            52%        1d6       4%          1

Your spell library contained the following spells:

 Spells                   Type           Power      Damage    Failure   Level
 Frozen Ramparts          Ice            26%        1d4       14%         3
 Ozocubu's Armour         Ice            13%        N/A       14%         3
 Summon Ice Beast         Ice/Summ       7%         N/A       69%         4


Dungeon Overview and Level Annotations

Branches:
Dungeon (1/15)

Altars:

Shops:
D:1 !


Innate Abilities, Weirdness & Mutations

You have sharp claws.
You have razor-sharp teeth.
You have supernaturally acute eyesight. (SInv)
You cover ground quickly. (Speed+)
You are covered in fur. (AC +1)
Your paws help you pounce on unaware monsters.
You are incapable of wielding weapons or throwing items.
You cannot wear armour.
You gain extra lives every three experience levels.


Message History

Press: ? - help, Shift-Dir - straight line, f/p - kobold
Aim: a kobold, wielding a +0 short sword and quivering stones (moderately wounded)
You freeze the kobold.
You kill the kobold!
Casting: Freeze (safe; 4% risk of failure)
Confirm with . or Enter, or press ? or * to list all spells.
Aiming: Freeze (safe; 4% risk of failure)
Press: ? - help, Shift-Dir - straight line, f - endoplasm
Aim: an endoplasm You freeze the endoplasm.
The endoplasm is moderately wounded.
The endoplasm hits you.
* * * LOW HITPOINT WARNING * * *
The endoplasm attacks as it pursues you!
The endoplasm hits you.
You die...
You rejoin the land of the living...
An endoplasm is nearby!
Casting: Freeze (safe; 4% risk of failure)
Confirm with . or Enter, or press ? or * to list all spells.
Aiming: Freeze (safe; 4% risk of failure)
Press: ? - help, Shift-Dir - straight line, f/p - endoplasm
Aim: an endoplasm (moderately wounded)
You miscast Freeze.
You are very lightly contaminated with residual magic.
Nothing appears to happen.
The endoplasm completely misses you.
Casting: Freeze (safe; 4% risk of failure)
Confirm with . or Enter, or press ? or * to list all spells.
Aiming: Freeze (safe; 4% risk of failure)
Press: ? - help, Shift-Dir - straight line, f/p - endoplasm
Aim: an endoplasm (moderately wounded)
You freeze the endoplasm.
You kill the endoplasm!
There is a stone staircase leading down here.
Your magical contamination has completely faded away.
There is an open door here.
There is an open door here.
There is an open door here.
There is a staircase leading out of the dungeon here.
You have escaped!

..br. ############.......#
#####..##.........†.........
.....$..†.#+################
######.####.# #. #'# #. #.# #.
##'## ########...#######
#..'.'.'.@.'.'.'.#
#.######...#####.#
######.####.##'### #..#######
...)..........#.#.###...##...##
#############.#'#.............##
#.#.###............# #.#'#
#............# #...#
#..).........# #.###
##..........##


There were no monsters in sight!

Vanquished Creatures
  An endoplasm (D:1)
  2 kobolds (D:1)
  2 ball pythons (D:1)
  3 bats (D:1)
  A frilled lizard (D:1)
  A goblin (D:1)
  3 rats (D:1)
13 creatures vanquished.

Notes
Turn   | Place    | Note
-------+----------+-------------------------------------------
     0 | D:1      | avis the Felid Ice Elementalist began the quest for the
                  | Orb.
     0 | D:1      | Reached XP level 1. HP: 7/7 MP: 4/4
   175 | D:1      | Found Yriu's Distillery.
   240 | D:1      | Reached skill level 1 in Fighting
   240 | D:1      | Reached skill level 1 in Unarmed Combat
   290 | D:1      | Reached XP level 2. HP: 12/12 MP: 4/6
   353 | D:1      | Slain by an endoplasm
   384 | D:$      | Got out of the dungeon alive.

Illustrated notes

Levels and vault maps discovered:
D:1:      minmay_arrival_doors, layout_rooms, serial_shops,
          nicolae_shop_industrial_runoff

Skill      XL: |  1 |
---------------+----+-----
Fighting       | 1 |  1.2
Unarmed Combat | 1 |  1.2
Dodging        | |  2.6
Stealth        | |  2.6
Spellcasting   | |  2.0
Ice Magic      | |  3.6

Action                     || total
---------------------------++-------
   Cast: Freeze            ||    18
 Armour: Skin              ||     7
  Dodge: Dodged            ||     7

Table legend: (Time is in decaauts)
 A = Elapsed time spent in this place.
 B = Non-inter-level travel time spent in this place.
 C = Inter-level travel time spent in this place.
 D = Time resting spent in this place.
 E = Time spent auto-exploring this place.
 F = Levels seen in this place.
 G = Mean time per level.
                   A        B        C        D        E       F      G
               +--------+--------+--------+--------+--------+-----+--------+
         Total |    340 |    320 |     20 |     45 |    139 |   1 |  340.0 |
       Dungeon |    340 |    320 |     20 |     45 |    139 |   1 |  340.0 |
               +--------+--------+--------+--------+--------+-----+--------+

Top non-repeatable levels by time:
     D:1: 340 daAuts
